 Seeded DCSS version 0.28.0-53-g5a82cb258f (webtiles) character file.

Game seed: 1092384 (custom seed)

30 xaos the Cutter (level 3, 0/27 HPs)
             Began as a Human Wanderer on May 23, 2022.
             Was a Follower of Jiyva.
             Succumbed to an adder's poison
             ... on level 1 of the Dungeon on May 24, 2022.
             The game lasted 00:05:05 (2138 turns).

xaos the Cutter (Human Wanderer)                    Turns: 2138, Time: 00:05:05

Health: 0/27       AC:  2    Str: 10    XL:     3   Next: 37%
Magic:  4/4        EV: 11    Int: 11    God:    Jiyva [*.....]
Gold:   78         SH:  0    Dex: 17    Spells: 3/4 levels left

rFire   . . .      SeeInvis .   a - +1 short sword
rCold   . . .      Faith    .   (no shield)
rNeg    . . .      Spirit   .   c - +0 robe
rPois   .          Reflect  .   (no helmet)
rElec   .          Harm     .   (no cloak)
rCorr   .          Rampage  .   (no gloves)
Will    .....                   (no boots)
Stlth   ++........              (no amulet)
HPRegen 0.89/turn               (no ring)
MPRegen 0.34/turn               (no ring)

@: lethally poisoned (0 -> -1)
A: no striking features
a: Renounce Religion


You were on level 1 of the Dungeon.
You worshipped Jiyva.
Jiyva was aware of your devotion.
You visited 1 branch of the dungeon, and saw 2 of its levels.

You collected 78 gold pieces.

Inventory:

Hand Weapons
 a - a +1 short sword (weapon)
Missiles
 b - 63 stones (quivered)
Armour
 c - a +0 robe (worn)


   Skills:
 + Level 2.2 Fighting
 + Level 3.6 Short Blades
 + Level 1.0 Armour
 + Level 0.3 Dodging
 + Level 0.1 Stealth
 + Level 1.0 Spellcasting
 + Level 3.4 Earth Magic


You had 3 spell levels left.
You knew the following spells:

 Your Spells              Type           Power      Damage    Failure   Level
a - Sandblast             Erth           16%        2d6       8%          1

Your spell library contained the following spells:

 Spells                   Type           Power      Damage    Failure   Level
 Animate Armour           Summ/Erth      8%         N/A       85%         4
 Petrify                  Tmut/Erth      4%         N/A       85%         4


Dungeon Overview and Level Annotations

Branches:
Dungeon (2/15)

Altars:
Jiyva


Message History

The adder barely misses you.
You barely miss the adder.
The adder is moderately wounded.
The adder bites you.
You are poisoned.
The adder poisons you!
You hit the adder.
The adder is severely wounded.
You feel sick. The adder barely misses you.
You barely miss the adder.
The adder is severely wounded.
You feel sick. The adder bites you.
You are more poisoned.
The adder poisons you! The adder bites you.
You barely miss the adder.
The adder is severely wounded.
You feel sick. The adder bites you but does no damage.
You feel sick.
You hear a distant slurping noise.
You see here 6 gold pieces.
You feel sick. The adder bites you.
You are more poisoned.
The adder poisons you!
You feel sick. The adder bites you.
* * * LOW HITPOINT WARNING * * *
* * * LOW HITPOINT WARNING * * *
You feel sick.
* * * LOW HITPOINT WARNING * * *
You feel sick. The adder bites you.
* * * LOW HITPOINT WARNING * * *
You see here a worm corpse.
* * * LOW HITPOINT WARNING * * *
You feel sick.
You hear a distant slurping noise.
There is a stone staircase leading up, spattered with blood here.
Unknown command.
* * * LOW HITPOINT WARNING * * *
You feel sick. The adder misses you.
You climb upwards.
You die...

#..........#........
#..........#######..
#...................
#..........#######..
#..........#######..
###...).............
##.######.#.#######
#...#####.#.####...
#.@S...........'...
#...#####.#.####...
#...# #.....##...
#...# #.....##...
#...# #.)...##...
#...#####.....##...
#####.........##...
#.##########... #.#
####


You could see an adder.

Vanquished Creatures
  A worm (D:2)
  2 endoplasms (D:1)
  6 goblins
  3 hobgoblins (D:1)
  4 jackals (D:1)
  A kobold (D:1)
  4 ball pythons (D:1)
  3 bats (D:1)
  A rat (D:1)
25 creatures vanquished.

Vanquished Creatures (others)
  2 endoplasms (D:2)
  A kobold (D:2)
3 creatures vanquished.

Grand Total: 28 creatures vanquished

Notes
Turn   | Place    | Note
-------+----------+-------------------------------------------
     0 | D:1      | xaos the Human Wanderer began the quest for the Orb.
     0 | D:1      | xaos set off with the following items: a +1 short sword, 26
                  | stones, a +0 robe; and the following spell memorised:
                  | Sandblast; and the following spells available to memorise:
                  | Animate Armour, Petrify
     0 | D:1      | Reached XP level 1. HP: 16/16 MP: 2/2
   283 | D:1      | Reached XP level 2. HP: 22/22 MP: 3/3
  1846 | D:1      | Found a faded altar of an unknown god.
  1852 | D:1      | Reached XP level 3. HP: 26/27 MP: 4/4
  1870 | D:1      | Prayed at the altar of an unknown god.
  1870 | D:1      | Became a worshipper of Jiyva Juimowit the Shapeless
  1870 | D:1      | Reached * piety under Jiyva
  2135 | D:2      | HP: 1/27 [adder (1)]
  2138 | D:1      | Succumbed to an adder's poison

Illustrated notes

Levels and vault maps discovered:
D:1:      minmay_arrival_hallway, layout_basic,
          chequers_ecumenical_altar_simple_redux, minmay_misc_feat_enclosed
D:2:      layout_loops_ring, serial_shops, nicolae_shop_crystal, minmay_cupped

Action                   || total
-------------------------++-------
Melee: Short sword       ||    76
  Use: Scroll            ||     1
 Stab: Sleeping          ||     2
Armor: Robe              ||    12
Dodge: Dodged            ||    41
